Atomiques vs Patriotes
Created - April 20, 2018 at 19:57
Goals
|
Atomiques |
0 |
3 |
1 |
4 |
Patriotes |
0 |
0 |
1 |
1 |
|
Shots
|
Atomiques |
15 |
13 |
7 |
35 |
Patriotes |
6 |
14 |
7 |
27 |
|
1st period
No Goal
Penalties :
Brett Sutter (STB) for High sticking (Double Minor) at 2:33
2nd period
1. Atomiques , Andrew Kozek 25 (Brett Sutter 34, Shayne Gostisbehere 42) at 1:15
2. Atomiques , Tyler Brenner 29 (Kyle Wharton 19, Ryan Shannon 49) at 5:11 (PP)
3. Atomiques , Andrew Kozek 26 (Brett Sutter 35) at 14:58
Penalties :
Andrew Gordon (Nyc) for Hooking (Minor) at 2:27, Matt Calvert (Nyc) for Hooking (Minor) at 4:57, Dwight King (STB) for Hooking (Minor) at 7:51
3rd period
4. Atomiques , Tyler Brenner 30 (Shayne Gostisbehere 43, Ryan Shannon 50) at 11:13
5. Patriotes , Emerson Etem 13 (Ryan Wilson 73, Robbie Russo 5) at 14:57
Penalties :
Vince Hinostroza (Nyc) for Roughing (Minor) at 19:12
Goalie Stats
Sergei Bobrovsky (STB), 26 saves from 27 shots - (0.963), W, 34-20-4, 60:00 minutes
Andrei Vasilevskiy (Nyc), 31 saves from 35 shots - (0.886), L, 10-15-6, 60:00 minutes
Players Stats for Atomiques
Player Name G A P +/- PIM S H SB GA TA FO MP PP MP PK MP
------------------------------------------------------------------------------------
Andreas Engqvist 0 0 0 0 0 1 1 1 0 0 1/3 9:39 0:00 0:00
Andrew Kozek 2 0 2 2 0 3 0 0 0 0 0/0 11:47 0:00 0:56
Anthony Nigro 0 0 0 0 0 0 0 0 0 0 0/0 0:00 0:00 0:00
Bobby Farnham 0 0 0 2 0 1 2 0 0 0 0/0 10:51 0:00 0:00
Brett Sutter 0 2 2 2 4 1 1 0 0 1 0/3 11:38 0:00 0:24
Brock McGinn 0 0 0 0 0 2 0 0 0 0 0/0 9:39 0:00 0:00
Colby Cohen 0 0 0 1 0 0 0 1 0 0 0/0 19:41 0:47 2:34
Corey Tropp 0 0 0 0 0 1 1 1 1 0 1/1 14:28 1:19 0:00
Darren Kramer 0 0 0 0 0 0 0 0 0 0 0/0 0:21 0:00 0:21
Dwight King 0 0 0 0 2 3 1 0 1 0 1/1 20:07 1:41 1:28
Eric Gustafsson 0 0 0 1 0 0 0 2 0 1 0/0 11:31 0:00 0:00
Eric Mestery 0 0 0 1 0 1 2 0 1 2 0/0 19:41 0:47 2:34
Fredrik Claesson 0 0 0 -1 0 0 0 0 0 0 0/0 6:34 0:00 0:53
John Draeger 0 0 0 1 0 1 0 0 0 0 0/0 12:24 0:00 0:53
Joseph Cramarossa 0 0 0 0 0 0 0 0 0 0 0/1 2:12 0:00 1:35
Kenndal McArdle 0 0 0 0 0 1 0 0 0 0 0/0 16:33 1:19 2:05
Kyle Wharton 0 1 1 0 0 2 1 0 0 1 0/0 27:16 2:13 2:31
Marc-André Cliche 0 0 0 0 0 1 1 0 0 0 8/12 14:28 1:19 0:00
Max McCormick 0 0 0 0 0 0 0 0 0 0 0/0 0:00 0:00 0:00
Mike Halmo 0 0 0 0 0 0 0 0 0 0 0/0 0:00 0:00 0:00
Mitch Callahan 0 0 0 0 0 1 0 0 0 0 0/0 9:39 0:00 0:00
Ryan Shannon 0 2 2 0 0 4 1 0 0 1 0/0 21:22 1:41 2:42
Shayne Gostisbehere 0 2 2 1 0 9 0 1 1 0 0/0 22:14 2:13 2:31
Steve McCarthy 0 0 0 0 0 0 0 0 0 0 0/0 0:39 0:00 0:00
Tyler Brenner 2 0 2 0 0 3 1 0 0 1 10/25 21:16 1:41 2:25
Players Stats for Patriotes
Player Name G A P +/- PIM S H SB GA TA FO MP PP MP PK MP
------------------------------------------------------------------------------------
Aaron Ness 0 0 0 0 0 1 2 2 0 0 0/0 19:47 1:59 0:55
Andrew Gordon 0 0 0 0 2 5 2 1 1 0 3/4 20:48 2:35 0:48
Anthony Bitetto 0 0 0 0 0 1 3 0 1 0 0/0 22:38 2:52 2:05
Austin Watson 0 0 0 0 0 0 1 0 0 0 1/1 1:58 1:15 0:00
Christian Hanson 0 0 0 0 0 3 2 0 0 0 13/18 21:58 2:31 2:01
David Kolomatis 0 0 0 0 0 1 1 2 1 0 0/0 24:36 1:59 0:55
Emerson Etem 1 0 1 1 0 2 1 0 1 0 0/0 11:03 0:13 0:00
Evgeny Kuznetsov 0 0 0 -1 0 0 1 2 0 0 6/14 18:59 2:17 0:43
Fedor Fedorov 0 0 0 0 0 2 4 1 2 0 0/0 20:47 2:31 0:59
Jared Knight 0 0 0 1 0 0 0 0 0 0 1/1 10:50 0:00 0:00
Justin Florek 0 0 0 -2 0 1 2 0 0 0 0/0 10:57 0:40 0:00
Mark Stone 0 0 0 -2 0 2 0 0 1 0 0/0 10:05 0:00 0:00
Matt Calvert 0 0 0 -1 2 2 2 2 0 0 0/0 14:24 2:02 0:00
Phil McRae 0 0 0 -2 0 2 2 0 0 0 1/5 10:05 0:00 0:00
Riley Barber 0 0 0 0 0 0 0 0 0 0 0/1 1:00 0:00 1:00
Robbie Russo 0 1 1 -2 0 0 1 0 0 3 0/0 17:30 1:45 0:00
Robert Baillargeon 0 0 0 0 0 0 0 0 0 0 0/1 0:58 0:42 0:16
Ryan Wilson 0 1 1 -2 0 2 1 0 0 1 0/0 25:45 2:37 2:05
Scott Glennie 0 0 0 0 0 0 0 0 0 0 0/0 2:44 1:36 0:00
Tyler Randell 0 0 0 -1 0 2 1 1 0 0 0/1 19:16 2:16 0:13
Vince Hinostroza 0 0 0 1 2 1 4 0 0 0 0/0 10:49 0:00 0:00
3 Stars
1 - Andrew Kozek (STB)
2 - Tyler Brenner (STB)
3 - Sergei Bobrovsky (STB)
Power Play
Atomiques - 1 on 3 Attempt(s) - 33.33%
Patriotes - 0 on 3 Attempt(s) - 0.00%
Penalty Kill
Atomiques - 3 on 3 Attempt(s) - 100.00%
- Score 0 goal in Penalty Kill
Patriotes - 2 on 3 Attempt(s) - 66.67%
- Score 0 goal in Penalty Kill
Team Stat
Atomiques - Hits : 12 - Faceoff Wins : 21 - Blocked Shots : 6 - Penalty Minutes : 6
Patriotes - Hits : 30 - Faceoff Wins : 25 - Blocked Shots : 11 - Penalty Minutes : 6
Official
Referees : Lee Chris and Meier Brad
Linesman : Mark Shewchyk and Shane Heyer
Game Notes
No Game Note
Finance
Level 1 -- Attendance: 1372 (68.60%) -- Ticket Income $54,880
Level 2 -- Attendance: 664 (66.40%) -- Ticket Income $13,280
Total Attendance: 2036 (67.87%)
Total Ticket Income: $68,160
Other Income: $3,408
Total Income: $71,568
Atomiques
5 vs 5 Forward
Center Left Wing Right Wing Time % Phy DF OF
1 Tyler Brenner Dwight King Ryan Shannon 40 1 2 2
2 Marc-André Cliche Kenndal McArdle Corey Tropp 30 1 2 2
3 Brett Sutter Andrew Kozek Bobby Farnham 20 1 2 2
4 Andreas Engqvist Brock McGinn Mitch Callahan 10 1 2 2
5 vs 5 Defense
Defense Defense Time % Phy DF OF
1 Kyle Wharton Shayne Gostisbehere 40 1 2 2
2 Colby Cohen Eric Mestery 30 1 2 2
3 Eric Gustafsson John Draeger 20 1 2 2
4 Fredrik Claesson Kyle Wharton 10 1 2 2
PowerPlay Forward
Center Left Wing Right Wing Time % Phy DF OF
1 Tyler Brenner Dwight King Ryan Shannon 60 1 2 2
2 Marc-André Cliche Kenndal McArdle Corey Tropp 40 1 2 2
PowerPlay Defense
Defense Defense Time % Phy DF OF
1 Kyle Wharton Shayne Gostisbehere 60 1 2 2
2 Colby Cohen Eric Mestery 40 1 2 2
Penalty Kill 4 Players Forward
Center Wing Time % Phy DF OF
1 Tyler Brenner Ryan Shannon 60 1 2 2
2 Dwight King Kenndal McArdle 40 1 2 2
Penalty Kill 4 Players Defense
Defense Defense Time % Phy DF OF
1 Kyle Wharton Shayne Gostisbehere 60 1 2 2
2 Colby Cohen Eric Mestery 40 1 2 2
Penalty Kill - 3 Players Forward
Forward Time % Phy DF OF
1 Tyler Brenner 60 1 2 2
2 Ryan Shannon 40 1 2 2
Penalty Kill - 3 Players Defense
Defense Defense Time % Phy DF OF
1 Kyle Wharton Shayne Gostisbehere 60 1 2 2
2 Colby Cohen Eric Mestery 40 1 2 2
4 vs 4 Forward
Center Wing Time % Phy DF OF
1 Tyler Brenner Ryan Shannon 60 1 2 2
2 Dwight King Kenndal McArdle 40 1 2 2
4 vs 4 Defense
Defense Defense Time % Phy DF OF
1 Kyle Wharton Shayne Gostisbehere 60 1 2 2
2 Colby Cohen Eric Mestery 40 1 2 2
Last Minutes Offensive
Center Left Wing Right Wing Defense Defense
Tyler Brenner Dwight King Ryan Shannon Kyle Wharton Shayne Gostisbehere
Last Minutes Defensive
Center Left Wing Right Wing Defense Defense
Tyler Brenner Dwight King Ryan Shannon Kyle Wharton Shayne Gostisbehere
Goaltenders
Starting : Sergei Bobrovsky
Backup : Jeremy Smith
Extra Forwards
Normal : Anthony Nigro, Darren Kramer, Joseph Cramarossa - PP : Anthony Nigro, Darren Kramer - PK : Joseph Cramarossa
Extra Defensemen
Normal : Eric Gustafsson, John Draeger, Fredrik Claesson - PP : Eric Gustafsson - PK : John Draeger, Fredrik Claesson
Penalty Shots
Tyler Brenner, Ryan Shannon, Dwight King, Kenndal McArdle, Marc-André Cliche
Scratches
Jonas Junland (Healthy), Francois Tremblay (Healthy)
Patriotes
5 vs 5 Forward
Center Left Wing Right Wing Time % Phy DF OF
1 Christian Hanson Fedor Fedorov Andrew Gordon 40 1 2 2
2 Evgeny Kuznetsov Matt Calvert Tyler Randell 30 1 2 2
3 Phil McRae Justin Florek Mark Stone 20 1 2 2
4 Jared Knight Vince Hinostroza Emerson Etem 10 1 2 2
5 vs 5 Defense
Defense Defense Time % Phy DF OF
1 Ryan Wilson Anthony Bitetto 40 1 2 2
2 David Kolomatis Aaron Ness 30 1 2 2
3 Robbie Russo Ryan Wilson 20 1 2 2
4 Anthony Bitetto David Kolomatis 10 1 2 2
PowerPlay Forward
Center Left Wing Right Wing Time % Phy DF OF
1 Christian Hanson Fedor Fedorov Andrew Gordon 60 1 2 2
2 Evgeny Kuznetsov Matt Calvert Tyler Randell 40 1 2 2
PowerPlay Defense
Defense Defense Time % Phy DF OF
1 Ryan Wilson Anthony Bitetto 60 1 2 2
2 David Kolomatis Aaron Ness 40 1 2 2
Penalty Kill 4 Players Forward
Center Wing Time % Phy DF OF
1 Andrew Gordon Christian Hanson 60 1 2 2
2 Fedor Fedorov Tyler Randell 40 1 2 2
Penalty Kill 4 Players Defense
Defense Defense Time % Phy DF OF
1 Ryan Wilson Anthony Bitetto 60 1 2 2
2 David Kolomatis Aaron Ness 40 1 2 2
Penalty Kill - 3 Players Forward
Forward Time % Phy DF OF
1 Andrew Gordon 60 1 2 2
2 Christian Hanson 40 1 2 2
Penalty Kill - 3 Players Defense
Defense Defense Time % Phy DF OF
1 Ryan Wilson Anthony Bitetto 60 1 2 2
2 David Kolomatis Aaron Ness 40 1 2 2
4 vs 4 Forward
Center Wing Time % Phy DF OF
1 Andrew Gordon Christian Hanson 60 1 2 2
2 Fedor Fedorov Tyler Randell 40 1 2 2
4 vs 4 Defense
Defense Defense Time % Phy DF OF
1 Ryan Wilson Anthony Bitetto 60 1 2 2
2 David Kolomatis Aaron Ness 40 1 2 2
Last Minutes Offensive
Center Left Wing Right Wing Defense Defense
Christian Hanson Fedor Fedorov Andrew Gordon Ryan Wilson Anthony Bitetto
Last Minutes Defensive
Center Left Wing Right Wing Defense Defense
Christian Hanson Fedor Fedorov Andrew Gordon Ryan Wilson Anthony Bitetto
Goaltenders
Starting : Andrei Vasilevskiy
Backup : Marek Schwarz
Extra Forwards
Normal : Scott Glennie, Austin Watson, Riley Barber - PP : Scott Glennie, Austin Watson - PK : Riley Barber
Extra Defensemen
Normal : Robbie Russo, Aaron Ness, Ryan Wilson - PP : Robbie Russo - PK : Aaron Ness, Ryan Wilson
Penalty Shots
Andrew Gordon, Christian Hanson, Fedor Fedorov, Tyler Randell, Matt Calvert
Scratches
Alex Petrovic (Healthy), Timothy Kunes (Healthy), Zenon Konopka (Healthy), Phoenix Copley (Healthy)
% Time on Ice - Atomiques
Lines # - Real PCT - Wanted PCT - Time Play
Normal Forward
1 - 34% - 40% - 17:23
2 - 26% - 30% - 13:09
3 - 21% - 20% - 10:51
4 - 19% - 10% - 9:39
Normal Defense
1 - 34% - 40% - 17:30
2 - 32% - 30% - 16:20
3 - 23% - 20% - 11:31
4 - 11% - 10% - 5:41
PP Forward
1 - 56% - 60% - 1:41
2 - 44% - 40% - 1:19
PP Defense
1 - 74% - 60% - 2:13
2 - 26% - 40% - 0:47
PK Forward
1 - 65% - 60% - 3:53
2 - 35% - 40% - 2:05
PK Defense
1 - 57% - 60% - 3:24
2 - 43% - 40% - 2:34
PK3 Forward
1 - 0% - 60%
2 - 0% - 40%
PK3 Defense
1 - 0% - 60%
2 - 0% - 40%
44 Forward
1 - 0% - 60%
2 - 0% - 40%
44 Defense
1 - 0% - 60%
2 - 0% - 40%
Last Minute Offensive - 0:00
Last Minute Defensive - 0:00
Total
Forward - 60:00
Defense - 60:00
|
% Time on Ice - Patriotes
Lines # - Real PCT - Wanted PCT - Time Play
Normal Forward
1 - 35% - 40% - 17:38
2 - 24% - 30% - 12:29
3 - 20% - 20% - 10:05
4 - 21% - 10% - 10:50
Normal Defense
1 - 32% - 40% - 16:13
2 - 31% - 30% - 15:50
3 - 26% - 20% - 13:01
4 - 12% - 10% - 5:58
PP Forward
1 - 57% - 60% - 3:25
2 - 43% - 40% - 2:33
PP Defense
1 - 67% - 60% - 3:59
2 - 33% - 40% - 1:59
PK Forward
1 - 93% - 60% - 2:47
2 - 7% - 40% - 0:13
PK Defense
1 - 69% - 60% - 2:05
2 - 31% - 40% - 0:55
PK3 Forward
1 - 0% - 60%
2 - 0% - 40%
PK3 Defense
1 - 0% - 60%
2 - 0% - 40%
44 Forward
1 - 0% - 60%
2 - 0% - 40%
44 Defense
1 - 0% - 60%
2 - 0% - 40%
Last Minute Offensive - 0:00
Last Minute Defensive - 0:00
Total
Forward - 60:00
Defense - 60:00
|
Play by Play
1st period
0:01 of 1st period - Christian Hanson wins face-off versus Tyler Brenner in neutral zone.
0:08 of 1st period - Wrist shot by Andrew Gordon.
0:08 of 1st period - Shot Misses the Net.
1:05 of 1st period - Shayne Gostisbehere is hit by Robbie Russo.
1:25 of 1st period - Colby Cohen is hit by Anthony Bitetto and loses puck.
2:18 of 1st period - Slapshot by Matt Calvert.
2:18 of 1st period - Shot Misses the Net.
2:20 of 1st period - Wrist shot by Matt Calvert.
2:20 of 1st period - Shot Misses the Net.
2:22 of 1st period - Slapshot by Ryan Wilson.
2:22 of 1st period - Deflect By Matt Calvert.
2:22 of 1st period - Stopped by Sergei Bobrovsky with a rebound.
2:24 of 1st period - Wrist shot by Ryan Wilson.
2:24 of 1st period - Shot Misses the Net.
2:26 of 1st period - Snap shot by Evgeny Kuznetsov.
2:26 of 1st period - Shot Misses the Net.
2:28 of 1st period - Slapshot by Robbie Russo.
2:28 of 1st period - Shot Blocked by Eric Gustafsson.
2:33 of 1st period - Double Minor Penalty to Brett Sutter for High sticking.
2:34 of 1st period - Tyler Brenner wins face-off versus Christian Hanson in Atomiques zone.
6:15 of 1st period - Fredrik Claesson is hit by Austin Watson and loses puck.
6:33 of 1st period - Penalty to Brett Sutter is over, Brett Sutter is back on ice.
7:12 of 1st period - John Draeger is hit by Anthony Bitetto.
7:42 of 1st period - Andrew Gordon is hit by Bobby Farnham and loses puck.
8:05 of 1st period - John Draeger is hit by Matt Calvert and loses puck.
9:04 of 1st period - Wrist shot by Fedor Fedorov.
9:04 of 1st period - Stopped by Sergei Bobrovsky without a rebound.
9:05 of 1st period - Christian Hanson wins face-off versus Andreas Engqvist in Atomiques zone.
9:25 of 1st period - Snap shot by Andrew Gordon.
9:25 of 1st period - Stopped by Sergei Bobrovsky with a rebound.
9:45 of 1st period - Snap shot by Shayne Gostisbehere.
9:45 of 1st period - Deflect By Fedor Fedorov.
9:45 of 1st period - Stopped by Andrei Vasilevskiy with a rebound.
9:53 of 1st period - Shayne Gostisbehere is hit by Fedor Fedorov and loses puck.
10:10 of 1st period - Wrist shot by Christian Hanson.
10:10 of 1st period - Shot Misses the Net.
10:26 of 1st period - Slapshot by Shayne Gostisbehere.
10:26 of 1st period - Stopped by Andrei Vasilevskiy with a rebound.
10:28 of 1st period - Snap shot by Shayne Gostisbehere.
10:28 of 1st period - Stopped by Andrei Vasilevskiy with a rebound.
10:30 of 1st period - Slapshot by Shayne Gostisbehere.
10:30 of 1st period - Shot Misses the Net.
10:34 of 1st period - Slapshot by Shayne Gostisbehere.
10:34 of 1st period - Stopped by Andrei Vasilevskiy with a rebound.
10:40 of 1st period - Snap shot by Brock McGinn.
10:40 of 1st period - Stopped by Andrei Vasilevskiy with a rebound.
11:26 of 1st period - Snap shot by Shayne Gostisbehere.
11:26 of 1st period - Shot Misses the Net.
11:28 of 1st period - Snap shot by Kyle Wharton.
11:28 of 1st period - Shot Misses the Net.
11:36 of 1st period - Snap shot by Andreas Engqvist.
11:36 of 1st period - Shot Misses the Net.
11:38 of 1st period - Wrist shot by Mitch Callahan.
11:38 of 1st period - Shot Misses the Net.
11:42 of 1st period - Slapshot by Shayne Gostisbehere.
11:42 of 1st period - Stopped by Andrei Vasilevskiy with a rebound.
11:44 of 1st period - Slapshot by Kyle Wharton.
11:44 of 1st period - Stopped by Andrei Vasilevskiy with a rebound.
11:46 of 1st period - Slapshot by Shayne Gostisbehere.
11:46 of 1st period - Deflect By Andrew Gordon.
11:46 of 1st period - Stopped by Andrei Vasilevskiy with a rebound.
11:48 of 1st period - Slapshot by Kyle Wharton.
11:48 of 1st period - Stopped by Andrei Vasilevskiy with a rebound.
11:50 of 1st period - Slapshot by Kyle Wharton.
11:50 of 1st period - Shot Blocked by Fedor Fedorov.
11:52 of 1st period - Slapshot by Kyle Wharton.
11:52 of 1st period - Shot Misses the Net.
11:54 of 1st period - Slapshot by Kyle Wharton.
11:54 of 1st period - Shot Misses the Net.
11:58 of 1st period - Snap shot by Andreas Engqvist.
11:58 of 1st period - Shot Misses the Net.
12:38 of 1st period - Snap shot by Shayne Gostisbehere.
12:38 of 1st period - Deflect By Tyler Randell.
12:38 of 1st period - Stopped by Andrei Vasilevskiy with a rebound.
12:56 of 1st period - Wrist shot by Andreas Engqvist.
12:56 of 1st period - Shot Blocked by Tyler Randell.
12:58 of 1st period - Snap shot by Mitch Callahan.
12:58 of 1st period - Stopped by Andrei Vasilevskiy with a rebound.
13:00 of 1st period - Snap shot by Shayne Gostisbehere.
13:00 of 1st period - Shot Blocked by Andrew Gordon.
13:18 of 1st period - Slapshot by Andreas Engqvist.
13:18 of 1st period - Shot Misses the Net.
13:20 of 1st period - Wrist shot by Mitch Callahan.
13:20 of 1st period - Shot Blocked by Evgeny Kuznetsov.
13:22 of 1st period - Wrist shot by Andreas Engqvist.
13:22 of 1st period - Shot Misses the Net.
13:24 of 1st period - Slapshot by Shayne Gostisbehere.
13:24 of 1st period - Stopped by Andrei Vasilevskiy with a rebound.
13:34 of 1st period - Slapshot by Shayne Gostisbehere.
13:34 of 1st period - Shot Misses the Net.
13:52 of 1st period - Slapshot by Shayne Gostisbehere.
13:52 of 1st period - Deflect By Andrew Gordon.
13:52 of 1st period - Stopped by Andrei Vasilevskiy without a rebound.
13:53 of 1st period - Phil McRae wins face-off versus Tyler Brenner in Patriotes zone.
14:06 of 1st period - Wrist shot by Justin Florek.
14:06 of 1st period - Deflect By Phil McRae.
14:06 of 1st period - Stopped by Sergei Bobrovsky with a rebound.
14:08 of 1st period - Snap shot by Justin Florek.
14:08 of 1st period - Stopped by Sergei Bobrovsky with a rebound.
14:18 of 1st period - David Kolomatis is hit by Corey Tropp.
14:22 of 1st period - Snap shot by Emerson Etem.
14:22 of 1st period - Stopped by Sergei Bobrovsky without a rebound.
14:23 of 1st period - Marc-André Cliche wins face-off versus Phil McRae in Atomiques zone.
14:36 of 1st period - Snap shot by Corey Tropp.
14:36 of 1st period - Shot Misses the Net.
14:38 of 1st period - Slapshot by John Draeger.
14:38 of 1st period - Stopped by Andrei Vasilevskiy without a rebound.
14:39 of 1st period - Jared Knight wins face-off versus Tyler Brenner in Patriotes zone.
14:54 of 1st period - Snap shot by Tyler Brenner.
14:54 of 1st period - Stopped by Andrei Vasilevskiy without a rebound.
14:55 of 1st period - Corey Tropp wins face-off versus Phil McRae in Patriotes zone.
15:32 of 1st period - Off-side.
15:33 of 1st period - Tyler Brenner wins face-off versus Phil McRae in neutral zone.
15:58 of 1st period - Emerson Etem is hit by Brett Sutter and loses puck.
16:21 of 1st period - Kenndal McArdle is hit by Justin Florek and loses puck.
19:18 of 1st period - Dwight King is hit by Emerson Etem and loses puck.
Goals for this period are 0 for Atomiques vs 0 for Patriotes.
Shots for this period are 15 for Atomiques vs 6 for Patriotes.
2nd period
0:01 of 2nd period - Evgeny Kuznetsov wins face-off versus Tyler Brenner in neutral zone.
0:04 of 2nd period - Snap shot by Evgeny Kuznetsov.
0:04 of 2nd period - Shot Misses the Net.
0:06 of 2nd period - Slapshot by David Kolomatis.
0:06 of 2nd period - Shot Misses the Net.
0:08 of 2nd period - Wrist shot by Matt Calvert.
0:08 of 2nd period - Shot Misses the Net.
0:10 of 2nd period - Snap shot by Tyler Randell.
0:10 of 2nd period - Shot Misses the Net.
0:16 of 2nd period - Wrist shot by Matt Calvert.
0:16 of 2nd period - Deflect By Tyler Randell.
0:16 of 2nd period - Shot Misses the Net.
0:16 of 2nd period - Puck is out of play.
0:17 of 2nd period - Christian Hanson wins face-off versus Marc-André Cliche in Atomiques zone.
1:06 of 2nd period - Justin Florek is hit by Kyle Wharton and loses puck.
1:11 of 2nd period - Snap shot by Brett Sutter.
1:11 of 2nd period - Shot Misses the Net.
1:13 of 2nd period - Wrist shot by Brett Sutter.
1:13 of 2nd period - Shot Misses the Net.
1:15 of 2nd period - Wrist shot by Andrew Kozek.
1:15 of 2nd period - Goal by Andrew Kozek - Atomiques : 1 - Patriotes : 0.
1:16 of 2nd period - Tyler Brenner wins face-off versus Evgeny Kuznetsov in neutral zone.
1:27 of 2nd period - Wrist shot by Ryan Shannon.
1:27 of 2nd period - Stopped by Andrei Vasilevskiy with a rebound.
1:29 of 2nd period - Snap shot by Tyler Brenner.
1:29 of 2nd period - Shot Misses the Net.
2:05 of 2nd period - Icing by Matt Calvert.
2:06 of 2nd period - Marc-André Cliche wins face-off versus Christian Hanson in Patriotes zone.
2:27 of 2nd period - Minor Penalty to Andrew Gordon for Hooking.
2:28 of 2nd period - Christian Hanson wins face-off versus Tyler Brenner in Patriotes zone.
3:28 of 2nd period - Slapshot by Aaron Ness.
3:28 of 2nd period - Stopped by Sergei Bobrovsky with a rebound.
3:51 of 2nd period - Icing by Marc-André Cliche.
3:52 of 2nd period - Marc-André Cliche wins face-off versus Robert Baillargeon in Atomiques zone.
4:05 of 2nd period - Slapshot by Ryan Wilson.
4:05 of 2nd period - Stopped by Sergei Bobrovsky without a rebound.
4:06 of 2nd period - Tyler Brenner wins face-off versus Riley Barber in Atomiques zone.
4:27 of 2nd period - Penalty to Andrew Gordon is over, Andrew Gordon is back on ice.
4:35 of 2nd period - Slapshot by Christian Hanson.
4:35 of 2nd period - Stopped by Sergei Bobrovsky without a rebound.
4:36 of 2nd period - Tyler Brenner wins face-off versus Evgeny Kuznetsov in Atomiques zone.
4:46 of 2nd period - Wrist shot by Ryan Shannon.
4:46 of 2nd period - Stopped by Andrei Vasilevskiy without a rebound.
4:47 of 2nd period - Tyler Brenner wins face-off versus Evgeny Kuznetsov in Patriotes zone.
4:52 of 2nd period - Snap shot by Tyler Brenner.
4:52 of 2nd period - Deflect By Dwight King.
4:52 of 2nd period - Shot Misses the Net.
4:52 of 2nd period - Puck is out of play.
4:53 of 2nd period - Tyler Brenner wins face-off versus Evgeny Kuznetsov in Patriotes zone.
4:57 of 2nd period - Minor Penalty to Matt Calvert for Hooking.
4:58 of 2nd period - Andrew Gordon wins face-off versus Tyler Brenner in Patriotes zone.
4:58 of 2nd period - Andrew Gordon is hit by Tyler Brenner.
5:09 of 2nd period - Backhand shot by Kyle Wharton.
5:09 of 2nd period - Shot Misses the Net.
5:11 of 2nd period - Slapshot by Kyle Wharton.
5:11 of 2nd period - Deflect By Tyler Brenner.
5:11 of 2nd period - Goal by Tyler Brenner - Atomiques : 2 - Patriotes : 0.
5:12 of 2nd period - Andrew Gordon wins face-off versus Tyler Brenner in neutral zone.
5:45 of 2nd period - Snap shot by Kenndal McArdle.
5:45 of 2nd period - Shot Misses the Net.
5:47 of 2nd period - Slapshot by Colby Cohen.
5:47 of 2nd period - Shot Blocked by David Kolomatis.
6:01 of 2nd period - Snap shot by Mark Stone.
6:01 of 2nd period - Stopped by Sergei Bobrovsky with a rebound.
6:18 of 2nd period - Wrist shot by Brock McGinn.
6:18 of 2nd period - Stopped by Andrei Vasilevskiy with a rebound.
7:02 of 2nd period - Slapshot by Tyler Randell.
7:02 of 2nd period - Stopped by Sergei Bobrovsky with a rebound.
7:51 of 2nd period - Minor Penalty to Dwight King for Hooking.
7:52 of 2nd period - Christian Hanson wins face-off versus Tyler Brenner in Atomiques zone.
7:55 of 2nd period - Snap shot by Christian Hanson.
7:55 of 2nd period - Stopped by Sergei Bobrovsky with a rebound.
9:02 of 2nd period - Shayne Gostisbehere is hit by Andrew Gordon and loses puck.
9:46 of 2nd period - Icing by Justin Florek.
9:47 of 2nd period - Austin Watson wins face-off versus Joseph Cramarossa in Patriotes zone.
9:51 of 2nd period - Penalty to Dwight King is over, Dwight King is back on ice.
9:56 of 2nd period - Joseph Cramarossa is hit by Evgeny Kuznetsov and loses puck.
10:14 of 2nd period - John Draeger is hit by Anthony Bitetto and loses puck.
10:57 of 2nd period - Mitch Callahan is hit by Christian Hanson and loses puck.
11:13 of 2nd period - Ryan Shannon is hit by Matt Calvert.
11:23 of 2nd period - Fredrik Claesson is hit by Vince Hinostroza and loses puck.
11:32 of 2nd period - Slapshot by Marc-André Cliche.
11:32 of 2nd period - Stopped by Andrei Vasilevskiy with a rebound.
11:46 of 2nd period - Phil McRae is hit by Bobby Farnham and loses puck.
11:55 of 2nd period - Brett Sutter is hit by Aaron Ness and loses puck.
12:32 of 2nd period - Wrist shot by Andreas Engqvist.
12:32 of 2nd period - Stopped by Andrei Vasilevskiy without a rebound.
12:33 of 2nd period - Christian Hanson wins face-off versus Marc-André Cliche in Patriotes zone.
13:55 of 2nd period - Snap shot by Brett Sutter.
13:55 of 2nd period - Shot Misses the Net.
13:57 of 2nd period - Slapshot by John Draeger.
13:57 of 2nd period - Shot Blocked by Evgeny Kuznetsov.
14:11 of 2nd period - Slapshot by Kenndal McArdle.
14:11 of 2nd period - Shot Blocked by Matt Calvert.
14:13 of 2nd period - Backhand shot by Corey Tropp.
14:13 of 2nd period - Stopped by Andrei Vasilevskiy with a rebound.
14:15 of 2nd period - Snap shot by Marc-André Cliche.
14:15 of 2nd period - Shot Blocked by Matt Calvert.
14:31 of 2nd period - Snap shot by Andrew Gordon.
14:31 of 2nd period - Shot Misses the Net.
14:33 of 2nd period - Snap shot by Christian Hanson.
14:33 of 2nd period - Shot Blocked by Andreas Engqvist.
14:35 of 2nd period - Snap shot by Andrew Gordon.
14:35 of 2nd period - Stopped by Sergei Bobrovsky with a rebound.
14:37 of 2nd period - Snap shot by Anthony Bitetto.
14:37 of 2nd period - Shot Blocked by Shayne Gostisbehere.
14:39 of 2nd period - Snap shot by Andrew Gordon.
14:39 of 2nd period - Stopped by Sergei Bobrovsky with a rebound.
14:41 of 2nd period - Snap shot by Anthony Bitetto.
14:41 of 2nd period - Shot Misses the Net.
14:56 of 2nd period - Snap shot by Andrew Kozek.
14:56 of 2nd period - Stopped by Andrei Vasilevskiy with a rebound.
14:58 of 2nd period - Snap shot by Andrew Kozek.
14:58 of 2nd period - Goal by Andrew Kozek - Atomiques : 3 - Patriotes : 0.
14:59 of 2nd period - Christian Hanson wins face-off versus Tyler Brenner in neutral zone.
15:14 of 2nd period - Snap shot by Christian Hanson.
15:14 of 2nd period - Stopped by Sergei Bobrovsky with a rebound.
16:09 of 2nd period - Snap shot by Vince Hinostroza.
16:09 of 2nd period - Stopped by Sergei Bobrovsky with a rebound.
16:11 of 2nd period - Wrist shot by Emerson Etem.
16:11 of 2nd period - Shot Misses the Net.
16:23 of 2nd period - Shayne Gostisbehere is hit by David Kolomatis.
17:04 of 2nd period - Phil McRae is hit by Eric Mestery and loses puck.
17:31 of 2nd period - Dwight King is hit by Vince Hinostroza and loses puck.
17:44 of 2nd period - Tyler Brenner is hit by Fedor Fedorov and loses puck.
17:51 of 2nd period - Snap shot by Andrew Gordon.
17:51 of 2nd period - Shot Misses the Net.
17:53 of 2nd period - Snap shot by Andrew Gordon.
17:53 of 2nd period - Stopped by Sergei Bobrovsky with a rebound.
18:09 of 2nd period - Slapshot by Brett Sutter.
18:09 of 2nd period - Stopped by Andrei Vasilevskiy with a rebound.
18:11 of 2nd period - Slapshot by Eric Mestery.
18:11 of 2nd period - Stopped by Andrei Vasilevskiy with a rebound.
18:13 of 2nd period - Snap shot by Bobby Farnham.
18:13 of 2nd period - Stopped by Andrei Vasilevskiy with a rebound.
18:25 of 2nd period - Slapshot by Mark Stone.
18:25 of 2nd period - Stopped by Sergei Bobrovsky with a rebound.
18:27 of 2nd period - Slapshot by David Kolomatis.
18:27 of 2nd period - Stopped by Sergei Bobrovsky with a rebound.
18:29 of 2nd period - Wrist shot by Phil McRae.
18:29 of 2nd period - Stopped by Sergei Bobrovsky with a rebound.
18:31 of 2nd period - Snap shot by Mark Stone.
18:31 of 2nd period - Deflect By Justin Florek.
18:31 of 2nd period - Shot Misses the Net.
18:31 of 2nd period - Puck is out of play.
18:32 of 2nd period - Christian Hanson wins face-off versus Brett Sutter in Atomiques zone.
19:27 of 2nd period - John Draeger is hit by Phil McRae and loses puck.
19:42 of 2nd period - Fredrik Claesson is hit by Vince Hinostroza.
19:52 of 2nd period - Shayne Gostisbehere is hit by Vince Hinostroza and loses puck.
Goals for this period are 3 for Atomiques vs 0 for Patriotes.
Shots for this period are 13 for Atomiques vs 14 for Patriotes.
3rd period
0:01 of 3rd period - Tyler Brenner wins face-off versus Andrew Gordon in neutral zone.
0:28 of 3rd period - Shayne Gostisbehere is hit by Tyler Randell.
1:30 of 3rd period - Dwight King is hit by Fedor Fedorov and loses puck.
2:59 of 3rd period - Vince Hinostroza is hit by Andreas Engqvist and loses puck.
3:04 of 3rd period - Wrist shot by Brock McGinn.
3:04 of 3rd period - Shot Misses the Net.
3:57 of 3rd period - Snap shot by Ryan Shannon.
3:57 of 3rd period - Stopped by Andrei Vasilevskiy with a rebound.
4:17 of 3rd period - Snap shot by Jared Knight.
4:17 of 3rd period - Deflect By Emerson Etem.
4:17 of 3rd period - Shot Blocked by Corey Tropp.
4:17 of 3rd period - Puck is out of play.
4:18 of 3rd period - Christian Hanson wins face-off versus Tyler Brenner in Atomiques zone.
4:27 of 3rd period - Slapshot by Christian Hanson.
4:27 of 3rd period - Deflect By Andrew Gordon.
4:27 of 3rd period - Stopped by Sergei Bobrovsky without a rebound.
4:28 of 3rd period - Tyler Brenner wins face-off versus Christian Hanson in Atomiques zone.
4:41 of 3rd period - Snap shot by Ryan Shannon.
4:41 of 3rd period - Shot Misses the Net.
4:51 of 3rd period - Kyle Wharton is hit by Fedor Fedorov and loses puck.
5:12 of 3rd period - Snap shot by Dwight King.
5:12 of 3rd period - Stopped by Andrei Vasilevskiy without a rebound.
5:13 of 3rd period - Marc-André Cliche wins face-off versus Tyler Randell in Patriotes zone.
5:28 of 3rd period - Backhand shot by Kenndal McArdle.
5:28 of 3rd period - Shot Misses the Net.
6:20 of 3rd period - Snap shot by Tyler Randell.
6:20 of 3rd period - Shot Misses the Net.
6:36 of 3rd period - Slapshot by Ryan Wilson.
6:36 of 3rd period - Stopped by Sergei Bobrovsky without a rebound.
6:37 of 3rd period - Christian Hanson wins face-off versus Tyler Brenner in Atomiques zone.
7:02 of 3rd period - Wrist shot by Kenndal McArdle.
7:02 of 3rd period - Stopped by Andrei Vasilevskiy without a rebound.
7:03 of 3rd period - Marc-André Cliche wins face-off versus Evgeny Kuznetsov in Patriotes zone.
7:12 of 3rd period - Slapshot by Kenndal McArdle.
7:12 of 3rd period - Shot Blocked by David Kolomatis.
7:14 of 3rd period - Snap shot by Corey Tropp.
7:14 of 3rd period - Shot Blocked by Aaron Ness.
7:18 of 3rd period - Snap shot by Kenndal McArdle.
7:18 of 3rd period - Shot Misses the Net.
7:28 of 3rd period - Ryan Shannon is hit by Aaron Ness and loses puck.
7:57 of 3rd period - Backhand shot by Shayne Gostisbehere.
7:57 of 3rd period - Deflect By Andreas Engqvist.
7:57 of 3rd period - Shot Blocked by Aaron Ness.
7:57 of 3rd period - Puck is out of play.
7:58 of 3rd period - Evgeny Kuznetsov wins face-off versus Tyler Brenner in Patriotes zone.
8:24 of 3rd period - Ryan Shannon is hit by Ryan Wilson and loses puck.
8:44 of 3rd period - Icing by Fredrik Claesson.
8:45 of 3rd period - Marc-André Cliche wins face-off versus Phil McRae in Atomiques zone.
9:17 of 3rd period - Snap shot by Fedor Fedorov.
9:17 of 3rd period - Stopped by Sergei Bobrovsky without a rebound.
9:18 of 3rd period - Christian Hanson wins face-off versus Brett Sutter in Atomiques zone.
10:57 of 3rd period - Snap shot by Christian Hanson.
10:57 of 3rd period - Deflect By Andrew Gordon.
10:57 of 3rd period - Shot Blocked by Eric Gustafsson.
10:57 of 3rd period - Puck is out of play.
10:58 of 3rd period - Tyler Brenner wins face-off versus Evgeny Kuznetsov in Atomiques zone.
11:13 of 3rd period - Wrist shot by Tyler Brenner.
11:13 of 3rd period - Goal by Tyler Brenner - Atomiques : 4 - Patriotes : 0.
11:14 of 3rd period - Evgeny Kuznetsov wins face-off versus Tyler Brenner in neutral zone.
11:39 of 3rd period - Marc-André Cliche is hit by Phil McRae and loses puck.
12:44 of 3rd period - Slapshot by Vince Hinostroza.
12:44 of 3rd period - Shot Misses the Net.
13:10 of 3rd period - Wrist shot by Dwight King.
13:10 of 3rd period - Stopped by Andrei Vasilevskiy with a rebound.
14:29 of 3rd period - Backhand shot by Dwight King.
14:29 of 3rd period - Stopped by Andrei Vasilevskiy with a rebound.
14:57 of 3rd period - Snap shot by Emerson Etem.
14:57 of 3rd period - Goal by Emerson Etem - Atomiques : 4 - Patriotes : 1.
14:58 of 3rd period - Christian Hanson wins face-off versus Marc-André Cliche in neutral zone.
15:14 of 3rd period - Icing by Colby Cohen.
15:15 of 3rd period - Evgeny Kuznetsov wins face-off versus Marc-André Cliche in Atomiques zone.
15:28 of 3rd period - Slapshot by Colby Cohen.
15:28 of 3rd period - Shot Misses the Net.
15:43 of 3rd period - John Draeger is hit by Andrew Gordon and loses puck.
15:48 of 3rd period - Snap shot by Fedor Fedorov.
15:48 of 3rd period - Shot Misses the Net.
15:58 of 3rd period - Andrew Kozek is hit by Justin Florek and loses puck.
16:05 of 3rd period - Snap shot by Phil McRae.
16:05 of 3rd period - Shot Misses the Net.
16:10 of 3rd period - Off-side.
16:11 of 3rd period - Evgeny Kuznetsov wins face-off versus Andreas Engqvist in neutral zone.
16:16 of 3rd period - Wrist shot by Tyler Randell.
16:16 of 3rd period - Stopped by Sergei Bobrovsky without a rebound.
16:17 of 3rd period - Andreas Engqvist wins face-off versus Evgeny Kuznetsov in Atomiques zone.
16:28 of 3rd period - Snap shot by Evgeny Kuznetsov.
16:28 of 3rd period - Shot Blocked by Colby Cohen.
16:30 of 3rd period - Wrist shot by Matt Calvert.
16:30 of 3rd period - Stopped by Sergei Bobrovsky without a rebound.
16:31 of 3rd period - Marc-André Cliche wins face-off versus Christian Hanson in Atomiques zone.
16:31 of 3rd period - Marc-André Cliche is hit by Christian Hanson.
16:41 of 3rd period - David Kolomatis is hit by Eric Mestery and loses puck.
16:52 of 3rd period - Fedor Fedorov is hit by Marc-André Cliche and loses puck.
17:04 of 3rd period - Off-side.
17:05 of 3rd period - Evgeny Kuznetsov wins face-off versus Brett Sutter in neutral zone.
17:25 of 3rd period - Snap shot by Andrew Kozek.
17:25 of 3rd period - Deflect By Brett Sutter.
17:25 of 3rd period - Shot Misses the Net.
17:25 of 3rd period - Puck is out of play.
17:26 of 3rd period - Dwight King wins face-off versus Christian Hanson in Patriotes zone.
17:27 of 3rd period - Wrist shot by Ryan Shannon.
17:27 of 3rd period - Stopped by Andrei Vasilevskiy without a rebound.
17:28 of 3rd period - Christian Hanson wins face-off versus Tyler Brenner in Patriotes zone.
17:28 of 3rd period - Christian Hanson is hit by Ryan Shannon.
18:01 of 3rd period - Snap shot by Anthony Bitetto.
18:01 of 3rd period - Stopped by Sergei Bobrovsky without a rebound.
18:02 of 3rd period - Marc-André Cliche wins face-off versus Evgeny Kuznetsov in Atomiques zone.
19:12 of 3rd period - Minor Penalty to Vince Hinostroza for Roughing.
19:13 of 3rd period - Andrew Gordon wins face-off versus Tyler Brenner in Patriotes zone.
19:22 of 3rd period - Ryan Wilson is hit by Dwight King and loses puck.
Goals for this period are 1 for Atomiques vs 1 for Patriotes.
Shots for this period are 7 for Atomiques vs 7 for Patriotes.
Back to the Top